 Dungeon Crawl Stone Soup version 0.29.1-2-gbd0b4ee654 (webtiles) character file.

Game seed: 11441336277016612687

0 RKaid the Gusty (level 1, -2/11 HPs)
             Began as an Octopode Air Elementalist on Dec 1, 2022.
             Slain by a kobold
             ... wielding a +0 club
              (3 damage)
             ... on level 1 of the Dungeon.
             The game lasted 00:00:26 (25 turns).

RKaid the Gusty (Octopode Air Elementalist)           Turns: 25, Time: 00:00:26

Health: -2/11      AC:  1    Str:  7    XL:     1   Next: 0%
Magic:  0/3        EV: 13    Int: 17    God:
Gold:   17         SH:  0    Dex: 12    Spells: 3/4 levels left

rFire   . . .      SeeInvis .   (no weapon)
rCold   . . .      Faith    .   (no shield)
rNeg    . . .      Spirit   .   (helmet restricted)
rPois   .          Reflect  .   (no amulet)
rElec   .          Harm     .   (no ring)
rCorr   .          Rampage  .   (no ring)
Will    .....                   (no ring)
Stlth   +++.......              (no ring)
HPRegen 0.03/turn               (no ring)
MPRegen 0.08/turn               (no ring)
                                (no ring)
                                (no ring)

@: very slightly contaminated
A: almost no armour, amphibious, 8 rings, camouflage 1, gelatinous body 1,
(nimble swimmer 1), tentacles
a: no special abilities


You were on level 1 of the Dungeon.
You visited 1 branch of the dungeon, and saw 1 of its levels.

You collected 17 gold pieces.

Inventory:

Potions
 a - a potion of magic
 b - a potion of flight {unknown}
 c - a potion of mutation {unknown}


   Skills:
 + Level 0.0 Fighting
 - Level 2.0 Dodging
 - Level 2.6 Stealth
 + Level 2.0 Spellcasting
 + Level 1.0 Conjurations
 * Level 3.0 Air Magic


You had 3 spell levels left.
You knew the following spells:

 Your Spells              Type           Power      Damage    Failure   Level
a - Shock                 Conj/Air       32%        1d5       9%          1

Your spell library contained the following spells:

 Spells                   Type           Power      Damage    Failure   Level
 Static Discharge         Conj/Air       8%         3-4/arc   13%         2
 Swiftness                Air            11%        N/A       17%         3
 Airstrike                Air            5%         2d(1-17)  50%         4


Dungeon Overview and Level Annotations

Branches:
Dungeon (1/15)

Altars:


Innate Abilities, Weirdness & Mutations

You cannot wear most types of armour.
You are amphibious.
You can wear up to eight rings at the same time.
Your skin changes colour to match your surroundings (Stealth+).
Your rubbery body absorbs attacks. (AC +1, EV +1)
((You are camouflaged when in or above water. (Stealth+)))
You have tentacles for arms and can constrict up to eight enemies at once.


Message History

Options error: Bad channel -- food (~/.crawlrc:229) Options error: Bad channel -- rotten_meat (~/.crawlrc:246) Options error: Bad object type '%}\|' for autopickup. (~/.crawlrc:3423) Bad channel name for runrest: 'Jiyva says: Divide and consume' Welcome, RKaid the Octopode Air Elementalist.
It is said that the Orb of Zot exists deep within this dungeon.
Press ? for a list of commands and other information.
Found a white potion.
Found a staircase leading out of the dungeon.
b - a white potion You open the gate.
The elf shouts!
The naga shouts!
The octopode shouts!
The gnoll shouts!
The octopode shouts!
The orc shouts!
The demonspawn shouts!
The kraken bites the elf!
The kraken closely misses the elf.
Found a stone staircase leading down.
There is an open gate here.
The dwarf shouts!
The kraken bites the elf!
The kraken closely misses the elf.
The kobold shouts!
Tentacles burst out of the water!
The kraken bites something!
The tentacle slaps the orc!
The orc dies!
Something hits the kraken but does no damage.
The kraken bites something!!!
The tentacle slaps the vampire!!
The tentacle slaps the kobold.
The kobold dies!
The tentacle misses the vampire.
The tentacle slaps the octopode.
The tentacle slaps the vampire!!
The vampire is destroyed!
c - a silvery potion The tentacle slaps the octopode!! x2; The tentacle slaps the octopode.
The tentacle closely misses the gnoll.
The kraken bites something!!
The kraken barely misses something.
The splash of poison hits the kraken.
The kraken is poisoned.
The tentacle slaps the gnoll!
The kraken bites the naga!!!
The naga dies!
The tentacle slaps the gnoll!
The gnoll dies!
The kraken bites the octopode!
The tentacle slaps the orc!
The orc dies!
You now have 17 gold pieces.
The tentacle slaps the kobold!
The kobold dies!
The kraken bites something!!!
The tentacle slaps something!
Something bites the kraken but does no damage.
Something claws the kraken but does no damage.
Something claws the kraken!
A kobold comes into view. It is wielding a +0 club.
The kobold shouts!
The tentacle slaps the troll!!
The kraken bites the demonspawn.
The tentacle slaps the troll!
The troll dies!
The demonspawn hits the kraken!
The demonspawn claws the kraken but does no damage.
The demonspawn gores the kraken.
The kraken bites the demonspawn!!
The tentacle barely misses the demonspawn.
The kraken bites the demonspawn!!!
You see here a scroll labelled KEXTOK FUDUSIFOUW.
Casting: Shock (safe; 9% risk of failure)
Confirm with . or Enter, or press ? or * to list all spells.
Aiming: Shock (safe; 9% risk of failure)
Press: ? - help, Shift-Dir - straight line, f - kobold
Aim: a kobold, wielding a +0 club (60% to hit)
You miscast Shock.
You are very lightly contaminated with residual magic.
Nothing appears to happen.
The kraken looks more healthy.
The tentacle slaps the demonspawn.
The kraken bites the demonspawn but does no damage.
The tentacle slaps the demonspawn!
The demonspawn dies!
The kobold hits you with a +0 club.
Casting: Shock (safe; 9% risk of failure)
Confirm with . or Enter, or press ? or * to list all spells.
Aiming: Shock (safe; 9% risk of failure)
Press: ? - help, Shift-Dir - straight line, f/p - kobold
Aim: a kobold, wielding a +0 club (60% to hit)
The zap hits the kobold but does no damage.
The tentacle slaps the dwarf!!
The kraken bites the dwarf!!
The dwarf dies!
The kobold hits you with a +0 club.
* * * LOW HITPOINT WARNING * * *
Casting: Shock (safe; 9% risk of failure)
Confirm with . or Enter, or press ? or * to list all spells.
Aiming: Shock (safe; 9% risk of failure)
Press: ? - help, Shift-Dir - straight line, f/p - kobold
Aim: a kobold, wielding a +0 club (60% to hit)
The zap hits the kobold.
The kobold hits you with a +0 club.
* * * LOW HITPOINT WARNING * * *
You tentacle-slap the kobold. You grab the kobold.
You constrict the kobold, but do no damage.
The kobold hits you with a +0 club.
* * * LOW HITPOINT WARNING * * *
You tentacle-slap the kobold but do no damage.
You squeeze the kobold, but do no damage.
You constrict the kobold, but do no damage.
The kobold hits you with a +0 club.
You die...

#..Λwe#.#####
#.#.≈≈≈†#.#...#
#.#.X≈≈.#'#...#
#.#.≈≈≈†#'..<.#
#.#.≈≈†.#'#...#
#.#.≈†≈.#.#...#
#.#.††..#.#####
..###.#######.##
#.....K@.......#
########.#.###.#
#.......#
#######># #.#
#.# #.# #.# #.#


You could see a kobold and a neutral kraken (wandering).

Vanquished Creatures (others)
  A demonspawn (D:1)
  2 octopodes (D:1)
  A vine stalker (D:1)
  An elf (D:1)
  A troll (D:1)
  A vampire (D:1)
  A naga (D:1)
  A dwarf (D:1)
  An ogre (D:1)
  A gnoll (D:1)
  2 orcs (D:1)
  2 kobolds (D:1)
  4 tentacles (D:1)
19 creatures vanquished.

Notes
Turn   | Place    | Note
-------+----------+-------------------------------------------
     0 | D:1      | RKaid the Octopode Air Elementalist began the quest for the
                  | Orb.
     0 | D:1      | Reached XP level 1. HP: 11/11 MP: 3/3
     2 | D:1      | Killed a vine stalker
     4 | D:1      | Killed an ogre
     5 | D:1      | Noticed a vampire
     5 | D:1      | Noticed an elf
     5 | D:1      | Noticed an octopode
     5 | D:1      | Noticed a kraken
     5 | D:1      | Noticed a troll
     5 | D:1      | Noticed a naga
     5 | D:1      | Noticed a demonspawn
     5 | D:1      | Noticed an octopode
     5 | D:1      | Noticed a dwarf
    10 | D:1      | Killed an elf
    11 | D:1      | Killed a vampire
    13 | D:1      | Killed an octopode
    16 | D:1      | Killed a naga
    18 | D:1      | Killed an octopode
    19 | D:1      | Killed a troll
    21 | D:1      | Killed a demonspawn
    22 | D:1      | Killed a dwarf
    23 | D:1      | HP: 2/11 [kobold/+0 club (1)]
    25 | D:1      | Slain by a kobold

Illustrated notes

Levels and vault maps discovered:
D:1:      nicolae_arrival_kraken_aquarium_b, layout_rooms, feat_on_display

Action                   || total
-------------------------++-------
Melee: Unarmed           ||     2
       Constrict         ||     1
       Tentacles         ||     1
 Cast: Shock             ||     2

Table legend: (Time is in decaauts)
 A = Elapsed time spent in this place.
 B = Non-inter-level travel time spent in this place.
 C = Inter-level travel time spent in this place.
 D = Time resting spent in this place.
 E = Time spent auto-exploring this place.
 F = Levels seen in this place.
 G = Mean time per level.
                   A        B        C        D        E       F      G
               +--------+--------+--------+--------+--------+-----+--------+
         Total |     25 |     25 |      0 |      0 |      3 |   1 |   25.0 |
       Dungeon |     25 |     25 |      0 |      0 |      3 |   1 |   25.0 |
               +--------+--------+--------+--------+--------+-----+--------+

Top non-repeatable levels by time:
     D:1: 25 daAuts
